 Dungeon Crawl Stone Soup version 0.19.1-1-g22dce08 (webtiles) character file.

41 UnluckyKarma the Caller (level 3, 0/26 HPs)
             Began as a Draconian Summoner on Jan 10, 2017.
             Slain by Terence
             ... wielding a +1 short sword of freezing
              (1 damage)
             ... on level 2 of the Dungeon.
             The game lasted 00:12:37 (2000 turns).

UnluckyKarma the Caller (Draconian Summoner)        Turns: 2000, Time: 00:12:37

Health: 0/26       AC:  6    Str: 11    XL:     3   Next: 32%
Magic:  4/6        EV: 12    Int: 15    God:
Gold:   62         SH:  0    Dex: 11    Spells: 3 memorised, 0 levels left

rFire  . . .     SeeInvis .     j - +0 short sword
rCold  . . .     Gourm    .     (armour unavailable)
rNeg   . . .     Faith    .     (no shield)
rPois  .         Spirit   .     (helmet restricted)
rElec  .         Reflect  .     e - +0 cloak {+Inv}
rCorr  .         Harm     .     (no gloves)
MR     .....                    (no boots)
Stlth  ++........               (no amulet)
                                (no ring)
                                (no ring)

@: slowed, very slow
A: unfitting armour, cold-blooded, AC +5
a: Evoke Invisibility


You were on level 2 of the Dungeon.
You were very full.

You visited 1 branch of the dungeon, and saw 2 of its levels.

You collected 62 gold pieces.

Inventory:

Hand Weapons
 j - a +0 short sword (weapon)
Missiles
 b - 77 stones (quivered)
 d - 7 tomahawks of returning
Armour
 e - a +0 cloak of invisibility (worn)
Scrolls
 c - 3 scrolls of teleportation
 g - 2 scrolls of identify
Potions
 f - a potion of haste {unknown}
Books
 a - a book of Callings

   Spells                             Type                      Level
   a - Summon Small Mammal            Summoning                    1
   b - Call Imp                       Summoning                    2
   c - Call Canine Familiar           Summoning                    3
   d - Summon Guardian Golem          Hexes/Summoning              3
   e - Summon Lightning Spire         Summoning/Air                4
   f - Summon Ice Beast               Ice/Summoning                4
Comestibles
 h - a bread ration


   Skills:
 + Level 0.2 Fighting
 + Level 0.6 Short Blades
   Level 0.2 Maces & Flails
 + Level 2.0 Dodging
 + Level 1.8 Stealth
   Level 0.2 Shields
 + Level 2.2 Spellcasting
 + Level 0.1 Hexes
 + Level 4.5 Summonings


You couldn't memorise any spells.
You knew the following spells:

 Your Spells              Type           Power        Failure   Level  Hunger
a - Summon Small Mammal   Summ           ###.         3%          1    #......
b - Call Imp              Summ           ###.....     6%          2    ###....
c - Summon Guardian Gole  Hex/Summ       #.......     30%         3    ###....


Dungeon Overview and Level Annotations

Branches:
Dungeon (2/15)

Altars:

Annotations:
D:2 Terence


Innate Abilities, Weirdness & Mutations

Your plain brown scales are hard. (AC +5)
You cannot fit into any form of body armour.
You are cold-blooded and may be slowed by cold attacks.


Message History

You hit Terence.
Terence is severely wounded.
The frilled lizard barely misses you. Terence barely misses you.
You closely miss Terence.
Terence is severely wounded.
The frilled lizard closely misses you.
Terence says, "Don't bother to defend, it's useless."
Terence hits you with a short sword of freezing.
* * * LOW HITPOINT WARNING * * *
You feel yourself slow down. Terence freezes you.
* * * LOW HITPOINT WARNING * * *
You hit Terence.
Terence is severely wounded.
The frilled lizard barely misses you. Terence barely misses you.
The frilled lizard barely misses you.
Terence hits you with a short sword of freezing.
* * * LOW HITPOINT WARNING * * *
You feel as though you will be slow longer.
Terence freezes you.
You die...

♣♣....♣ ##♣....♣ ♣....♣
.#♣.§..♣ ♣....♣# .'.....♣
♣.....+ .'.....♣ ♣.....+
##♣....♣ ♣....♣ ♣....♣♣
♣♣?...♣#### # ♣♣....♣♣♣♣♣♣..l.♣
#..# # ♣♣..........@@♣ ##..#
####♣♣..........♣♣##...########
##.##♣♣........♣♣ #...........#
##..##♣♣......♣♣ ###.........#
.#...##♣♣♣..♣♣♣ #.........#
.#....####++##### #.........#
.........#......# #.........#
#........##.....# #.........#
#.>.............# #.........#


You could see Terence and a frilled lizard.

Vanquished Creatures
  An adder (D:2)
  3 leopard geckos
  4 bats (D:1)
  4 giant cockroaches (D:1)
  3 goblins (D:1)
  2 hobgoblins
  2 frilled lizards (D:1)
  3 kobolds
  A rat (D:1)
23 creatures vanquished.

Vanquished Creatures (collateral kills)
  A dart slug (D:1)
  A bat (D:1)
  A giant cockroach (D:1)
  A frilled lizard (D:1)
  2 goblins (D:1)
  A rat (D:1)
7 creatures vanquished.

Grand Total: 30 creatures vanquished

Notes
Turn   | Place    | Note
-------+----------+-------------------------------------------
     0 | D:1      | UnluckyKarma the Draconian Summoner began the quest for the Orb.
     0 | D:1      | Reached XP level 1. HP: 14/14 MP: 3/3
   330 | D:1      | Reached XP level 2. HP: 10/20 MP: 0/5
   359 | D:1      | Learned a level 2 spell: Call Imp
  1598 | D:2      | Reached XP level 3. HP: 12/26 MP: 6/6
  1608 | D:2      | Learned a level 3 spell: Summon Guardian Golem
  1955 | D:2      | Noticed Terence
  2000 | D:2      | HP: 1/26 [Terence/short sword of freezing (5)]
  2000 | D:2      | Slain by Terence

Skill      XL: |  1  2 |
---------------+-------+-----
Dodging        | 2 |  2.0
Fighting       | |  0.2
Short Blades   | |  0.6
Maces & Flails | |  0.2
Stealth        | |  1.8
Shields        | |  0.2
Spellcasting   | |  2.2
Hexes          | |  0.1
Summonings     | |  4.5

Action                   || total
-------------------------++-------
Melee: Club              ||    18
       Dagger            ||    31
       Short sword       ||    64
       Mace              ||    16
       Tailslap          ||     7
Throw: Stone             ||     8
       Tomahawk          ||     1
 Cast: Summon Small Mamm ||    11
       Call Imp          ||     9
       Summon Guardian G ||     2
  Use: Scroll            ||     5
 Stab: Distracted        ||     2
       Sleeping          ||     1
  Eat: Bread ration      ||     1
       Beef jerky        ||     1
       Meat ration       ||     1
Armor: Skin              ||    78
Dodge: Dodged            ||   119
Block: Large shield      ||    15
